Map: Abyssal Reef LE

Players

meowmeowcute

  • Race: Protoss Protoss
  • Spawn Location: 11:00

A.I. 1 (Harder) - Winner!

  • Race: Terran Terran
  • Spawn Location: 5:00

VOD

Have the link to the VOD?

Description

Time

  • Played on: June 27, 2018, 3:42 p.m.
  • Length: 8:28
Show
View Real Time Build Order
Export as new Build Order

meowmeowcute Protoss 

Build Orders: Double Forge 

Get SALT Encoding   

  12  0:13  Pylon  
  12  0:14  Probe  
  13  0:26  Probe  
  14  0:34  Gateway  
  14  0:41  Probe  
  15  0:48  Assimilator  
  15  0:53  Probe  
  16  1:05  Probe  
  17  1:17  Probe  
  18  1:24  Cybernetics Core  
  18  1:29  Probe  
  19  1:39  Warp Gate  
  19  1:47  Probe  
  20  1:51  Pylon  
  20  1:52  Zealot  
  22  2:16  Probe  
  22  2:18  Assimilator  
  23  2:24  Probe  
  23  2:27  Zealot  
  26  2:41  Forge  
  26  2:42  Forge  
  26  3:08  Pylon  
  26  3:16  Gateway  
  26  3:23  Stargate  
  26  3:25  Stargate  
  26  3:31  Protoss Air Armor Level 1  
  26  3:42  Zealot  
  26  3:48  Probe  
  29  4:00  Probe  
  30  4:08  Forge x2  
  30  4:12  Probe  
  31  4:22  Probe  
  31  4:30  Probe  
  32  4:31  Pylon  
  33  4:38  Probe  
  33  4:40  Stalker  
  33  4:41  Stalker  
  38  4:49  Protoss Shields Level 1  
  38  4:50  Protoss Ground Armor Level 1, Probe  
  39  5:03  Probe  
  40  5:15  Probe  
  41  5:22  Fleet Beacon  
  41  5:23  Probe  
  42  5:31  Probe  
  43  5:41  Probe  
  43  5:42  Pylon  
  43  5:44  Pylon  
  43  5:46  Nexus  
  43  5:47  Protoss Air Weapons Level 1  
  44  5:52  Stalker  
  44  5:53  Probe  
  47  6:11  Photon Cannon  
  47  6:12  Photon Cannon  
  47  6:14  Photon Cannon  
  47  6:17  Probe  
  47  6:20  Assimilator  
  47  6:22  Assimilator  
  47  6:25  Probe  
  49  6:34  Probe  
  49  6:38  Gateway  
  44  6:42  Stalker  
  44  6:43  Stalker  
  40  6:58  Photon Cannon  
  40  7:00  Photon Cannon  
  38  7:08  Stalker  
  38  7:29  Stalker  
  37  7:35  Stalker  
  38  7:58  Probe  
  38  8:00  Photon Cannon  
  38  8:05  Zealot  
  39  8:11  Zealot  
Show
View Real Time Build Order
Export as new Build Order

A.I. 1 (Harder) Terran - Winner!

Build Orders: MMM Bio 

Get SALT Encoding   

  12  0:00  SCV  
  13  0:13  SCV  
  14  0:19  Supply Depot  
  14  0:25  SCV  
  15  0:40  SCV  
  15  0:42  Barracks  
  16  0:51  Refinery  
  16  0:52  SCV  
  17  1:04  SCV  
  18  1:16  SCV  
  19  1:22  Supply Depot  
  19  1:29  SCV  
  19  1:31  Marine  
  21  1:42  Barracks, Orbital Command  
  21  1:50  Barracks Tech Lab, Refinery  
  21  2:08  Marine  
  21  2:10  Supply Depot  
  22  2:26  Marine  
  22  2:29  Marine  
  24  2:32  Factory  
  24  2:44  Marauder  
  26  2:53  Marine  
  27  3:05  Marine  
  27  3:07  Supply Depot  
  27  3:11  Marine  
  29  3:20  Starport  
  29  3:23  Marine  
  30  3:36  SCV  
  31  3:41  Marauder  
  31  3:45  Supply Depot  
  34  3:48  SCV  
  34  3:57  Starport Tech Lab  
  34  3:59  Engineering Bay  
  34  4:00  SCV  
  35  4:03  Marauder  
  37  4:12  SCV  
  37  4:16  Banshee  
  41  4:24  SCV  
  41  4:25  Marauder  
  44  4:37  SCV  
  45  4:59  Banshee  
  48  5:55  Barracks Tech Lab  
  48  5:56  Widow Mine, Stimpack  
  50  5:58  Terran Infantry Weapons Level 1  
  50  6:00  Factory  
  50  6:03  Marine  
  51  6:10  Command Center, Starport  
  51  6:11  Supply Depot  
  51  6:13  Combat Shields, Missile Turret  
  51  6:14  Marine, Missile Turret  
  52  6:18  Factory Tech Lab  
  52  6:33  Marine  
  52  6:34  Bunker  
  52  6:36  Supply Depot  
  53  6:40  Marine  
  53  6:43  Factory Tech Lab  
  53  6:46  Starport Tech Lab  
  48  6:47  Siege Tank  
  47  6:54  Marine  
  48  7:01  Marine  
  49  7:12  Marine  
  50  7:19  Marine  
  50  7:22  SCV x2  
  53  7:23  Siege Tank  
  54  7:31  Widow Mine  
  54  7:32  Concussive Shells  
  54  7:33  Barracks  
  54  7:34  Refinery, SCV  
  54  7:35  SCV  
  55  7:37  Refinery  
  55  7:38  Marauder  
  57  7:45  Marine  
  57  7:46  SCV  
  57  7:47  SCV  
  60  7:52  Siege Tank  
  65  7:58  SCV  
  65  8:00  Marauder, SCV  
  69  8:11  SCV  
  69  8:12  SCV  
Tags
 
Composition
MMM Bio
Matchup
PvT
Spawn Locations
Cross Positions
Add a new tag
Caveats
  • Supply blocks, unpowered buildings, or Contaminate may cause inaccurate times.
  • Supply counts are checked every 10 seconds.